Unix NetHack Version 5.0.0-0 post-release - last build May 17 2026 04:57:42 (dc50c8380fa5e20985bfe3072449f57b8d9895ef,branch:main).

Game began 2026-05-21 00:18:10, ended 2026-05-21 00:30:55.

Kwijibo4686, neutral female human Valkyrie

                                                                  ----------
                   #####################"############"#######     |..<.....|
                   #    --------|------------------------#        |........|
                  ##    |...|..|..|..|..|....|..|..|..|.|#        ------.---
                 ##     |...-..|..|..|..-....-..|..|..-.|#        #######
                 #      |...----..-|-----....-----|----.|#          #####
                 #      |...............................|#          #
     ----------###      |...---|----|-..........----|--.|#          #
     |.......@a#        |...|...|....|{.........|..|..|.|#          #
     |.......%|         |...|%%%|....|..........|..|..|.|#         ##
     |........|         |...|%%%|.)..|..........-|-----.|#        ##
     |........|         |...|%%%|....|....{.............|#        #
     ----------         |...|----------.-------|-------.|#     ####
                        |..%-.(((|    |.+    |...|    |.|#    -.--------
                        |...|.(((|    +.|    |...|    -.|#    |..).....|
                        |...|.(((|    |.|    |...|    |.|#####-.....>..|
                        |...-----------.---------------..##   |........|
                        |...............................|     ----------
                        ---------------------------------

Kwijibo4686 the Fighter     St:18/03 Dx:11 Co:17 In:11 Wi:11 Ch:8  Neutral
Dlvl:7  $:61 HP:0(54) Pw:20(20) AC:6  Xp:6 T:2322 

Latest messages:
 The imp starts to attack you, but pulls back.
 The giant beetle starts to attack you, but pulls back.
 The imp starts to attack you, but pulls back.
 The imp starts to attack you, but pulls back.
 The giant beetle starts to attack you, but pulls back.
 You finish your prayer.
 You feel that Odin is well-pleased.
 Your stomach feels content.
 You feel much better.
 You hit the imp.
 The imp hits!
 You hit the giant beetle!
 The imp hits!
 You hit the giant beetle!
 The imp hits!
 You kill the giant beetle!
 The imp misses!
 You hit the imp!
 The imp hits!
 "Hast thou been drinking, or art thou always so clumsy?"
 You miss the imp.
 The imp hits!
 You hear bubbling water.
 You miss the imp.
 The imp hits!
 You miss the imp.
 The imp just misses!
 You miss the imp.
 The imp misses!
 You kill the imp!
 There is a dwarf corpse here; eat it? [ynq] (n) y
 This dwarf corpse is gamey.
 You stop eating the dwarf corpse.
 There is a partly eaten dwarf corpse here; eat it? [ynq] (n) y
 You resume your meal.
 You stop eating the dwarf corpse.
 The fire ant bites!
 The fire ant bites again!
 You're on fire!
 You hit the fire ant!
 The fire ant bites!
 The fire ant bites again!
 You're on fire!
 You are now more skilled in spear.
 You hit the fire ant!
 The fire ant bites!
 The fire ant bites again!
 You're on fire!
 You die...
 Do you want your possessions identified? [ynq] (y) q

Inventory:
 Coins    ('$')
  $ - 61 gold pieces
 Amulets  ('"')
  o - a cursed amulet of restful sleep
 Weapons  (')')
  t - a +0 dwarvish spear (weapon in right hand)
 Armor    ('[')
  c - an uncursed +3 small shield (being worn)
 Comestibles  ('%')
  d - 4 uncursed food rations
 Scrolls  ('?')
  l - an uncursed scroll of enchant weapon
  E - an uncursed scroll of identify
  m - an uncursed scroll of magic mapping
  B - an uncursed scroll of remove curse
  k - 2 uncursed scrolls of teleportation
 Potions  ('!')
  y - a blessed potion of enlightenment
  F - an uncursed potion of extra healing
  f - 2 uncursed potions of healing
  i - an uncursed potion of levitation
  A - an uncursed potion of monster detection
  h - 2 uncursed potions of object detection
  q - an uncursed potion of restore ability
  n - an uncursed potion of sickness
  p - a blessed potion of sleeping
 Wands    ('/')
  z - a wand of polymorph (0:1)
 Tools    ('(')
  D - a cursed oil lamp (lit)
  w - a +0 pick-axe
  e - an uncursed skeleton key
  G - an uncursed tallow candle

Kwijibo4686 the Valkyrie's attributes:

Background:
 You were a Fighter, a level 6 human Valkyrie.
 You were neutral, on a mission for Odin
 who was opposed by Tyr (lawful) and Loki (chaotic).
 You were right-handed.
 You were in the Gnomish Mines, on level 7.
 You entered the dungeon 2322 turns ago.
 It was the midnight hour.
 You had 539 experience points, 101 more were needed to attain level 7.

Basics:
 You had 0 out of 54 hit points.
 You had all 20 energy points (spell power).
 Your armor class was 6.
 Your wallet contained 61 zorkmids.
 Autopickup was on for '$?!/="' plus thrown.

Final Characteristics:
 Your strength was 18/03 (limit:18/100).
 Your dexterity was 11 (limit:18).
 Your constitution was 17 (limit:18).
 Your intelligence was 11 (limit:18).
 Your wisdom was 11 (limit:18).
 Your charisma was 8 (limit:18).

Final Status:
 You weren't hungry.
 You were unencumbered.
 You were wielding a spear.
 You were skilled in spear.

Final Attributes:
 You were piously aligned.
 You were cold resistant.
 You were stealthy.
 You are dead.

Miscellaneous:
 You didn't encounter any bones levels.
 Total elapsed playing time was 12 minutes and 45 seconds.

Major events:
 Turn
    1: Kwijibo4686 the neutral human Valkyrie entered the dungeon
  645: found Grimtooth in a shop
  657: attained the rank of Skirmisher (level 3)
  812: entered the Gnomish Mines
 1585: attained the rank of Fighter (level 6)
 1991: reached Mine Town
 2322: killed by a fire ant

You didn't know any spells.

Skills:
 Fighting Skills
   bare handed combat [Unskilled]
   two weapon combat  [Unskilled]
   riding             [Unskilled]
 Weapon Skills
   dagger             [Basic]
   axe                [Unskilled]
   pick-axe           [Unskilled]
   short sword        [Unskilled]
   broadsword         [Unskilled]
   long sword         [Unskilled]
   two-handed sword   [Unskilled]
   saber              [Unskilled]
   hammer             [Unskilled]
   quarterstaff       [Unskilled]
   polearms           [Unskilled]
   spear              [Skilled]
   trident            [Unskilled]
   lance              [Unskilled]
   sling              [Unskilled]
 Spellcasting Skills
   attack spells      [Unskilled]
   escape spells      [Unskilled]

Voluntary challenges:
 Character rerolling was not enabled.
 You were illiterate.
 You never genocided any monsters.
 You never polymorphed an object.
 You never changed form.
 You used no wishes.
Achievements:
 You entered a shop.
 You attained the rank of Skirmisher.
 You entered the Gnomish Mines.
 You attained the rank of Fighter.
 You entered Minetown.
 You entered a temple.

 The Dungeons of Doom: levels 1 to 4
    Level 1:
       A fountain.
    Level 2:
       A general store, some fountains.
    Level 3:
       A general store.
       Stairs down to The Gnomish Mines.
    Level 4:
 The Gnomish Mines: levels 4 to 8
    Level 4:
    Level 5:
    Level 6:
    Level 7: <- You were here.
       Some shops, a temple and an altar to Odin, some fountains.
       Final resting place for
          you, killed by a fire ant.
    Level 8:


Vanquished creatures:
  a small mimic
  a giant beetle
  a dingo
  a fire ant
 an imp
  a rock mole
  a shrieker
  4 gnome leaders
  4 gnomish wizards
  5 dwarves
  a kobold shaman
 an acid blob
  a hobgoblin
  a giant rat
  8 cave spiders
  a yellow mold
  a red mold
 21 gnomes
  a gecko
  6 jackals
  a fox
  a goblin
  3 grid bugs
  2 lichens
  a newt
70 creatures vanquished.

No species were genocided or became extinct.

Game over:
                       ----------
                      /          \
                     /    REST    \
                    /      IN      \
                   /     PEACE      \
                  /                  \
                  |   Kwijibo4686    |
                  |      61 Au       |
                  | killed by a fire |
                  |       ant        |
                  |                  |
                  |                  |
                  |       2026       |
                 *|     *  *  *      | *
        _________)/\\_//(\/(/\)/\//\/|_)_______

Farvel Kwijibo4686 the Valkyrie...

You died in The Gnomish Mines on dungeon level 7 with 2561 points,
and 61 pieces of gold, after 2322 moves.
You were level 6 with a maximum of 54 hit points when you died.

